 Dungeon Crawl Stone Soup version 0.25-a0-316-gd28d56f9c5 (webtiles) character file.

Game seed: 2135427127942122199, levelgen mode: classic

4771 Borgoz the Basher (level 10, -1/94 HPs)
             Began as a Gargoyle Gladiator on Dec 24, 2019.
             Was a Follower of Ashenzari.
             Killed from afar by an orc (12 damage)
             ... with a bolt of acid
             ... on level 8 of the Dungeon.
             The game lasted 00:12:59 (7780 turns).

Borgoz the Basher (Gargoyle Gladiator)              Turns: 7780, Time: 00:12:59

Health: -1/94      AC: 23    Str: 18    XL:     10   Next: 47%
Magic:  10/10      EV:  2    Int:  9    God:    Ashenzari [*.....]
Gold:   324        SH:  0    Dex: 14    Spells: 9/9 levels left

rFire    . . .     SeeInvis .   e - +1 flail (crush)
rCold    . . .     Gourm    .   (no shield)
rNeg     + + +     Faith    .   (armour currently unavailable)
rPois    ∞         Spirit   .   (helmet currently unavailable)
rElec    .         Reflect  .   (cloak currently unavailable)
rCorr    .         Harm     .   (gloves currently unavailable)
MR       .....     NoTele   +   (boots currently unavailable)
Stlth    +.........             (no amulet)
HPRegen  0.25/turn              y - +2 ring of protection
MPRegen  0.12/turn              (no ring)

@: tree-form (expiring), corroded
A: negative energy resistance 1, petrification resistance, rot immunity, AC +7
a: Curse Item, Scrying, Renounce Religion


You were on level 8 of the Dungeon.
You worshipped Ashenzari.
Ashenzari was aware of your devotion.
You were not hungry.
You were a tree.
You visited 2 branches of the dungeon, and saw 9 of its levels.

You collected 324 gold pieces.

Inventory:

Hand Weapons
 e - a +1 flail of crushing (weapon)
Missiles
 d - a throwing net (quivered)
Armour
 c - a +0 helmet (melded)
 i - a +0 cloak (melded)
 q - a +0 plate armour (melded)
Jewellery
 h - an uncursed ring of ice
 x - an uncursed ring of ice
 y - a +2 ring of protection (left branch)
Wands
 l - a wand of digging (6)
 r - a wand of random effects (25)
 A - a wand of paralysis (9)
 F - a wand of enslavement (7)
Scrolls
 a - 4 scrolls of amnesia
 g - 4 scrolls of remove curse
 m - 3 scrolls of fear {unknown}
 n - 4 scrolls of fog
 s - 3 scrolls of teleportation {unknown}
 t - 2 scrolls of noise {unknown}
 z - 2 scrolls of magic mapping {unknown}
 B - a scroll of summoning {unknown}
 C - a scroll of enchant weapon {unknown}
 D - a scroll of brand weapon {unknown}
 H - a scroll of blinking {unknown}
Potions
 j - 2 potions of might
 k - 2 potions of flight
 o - a potion of lignification
 p - 3 potions of degeneration {unknown}
 u - a potion of agility {unknown}
 E - a potion of magic {unknown}
Comestibles
 b - 2 chunks of flesh
 f - 19 rations


   Skills:
 + Level 7.0 Fighting
 * Level 9.2 Maces & Flails
 - Level 1.7 Throwing
 + Level 6.6 Armour
 * Level 7.8 Dodging


You had 9 spell levels left.
You didn't know any spells.
Your spell library was empty.

Dungeon Overview and Level Annotations

Branches:
Dungeon (8/15)             Temple (1/1) D:5
   Lair: D:8-11

Altars:
Ashenzari
Cheibriados
Dithmenos
Elyvilon
Fedhas
Gozag
Hepliaklqana
Kikubaaqudgha
Makhleb
Nemelex Xobeh
Okawaru
Qazlal
Ru
Sif Muna
Trog
Uskayaw
Vehumet
Wu Jian
Yredelemnul
Zin
The Shining One

Shops:
D:7 [   D:8 *


Innate Abilities, Weirdness & Mutations

You are resistant to torment.
((Your stone body is resilient. (AC +7)))
You are immune to poison.
You resist negative energy. (rN+)
((You are resistant to electric shocks. (rElec)))
((You can survive without breathing.))
You are immune to petrification.
You are immune to rotting.


Message History

* * * LOW HITPOINT WARNING * * *
The acid corrodes you!
You are splashed with acid!
* * * LOW HITPOINT WARNING * * *
You feel better.
The centaur unwields a +0 shortbow.
The centaur hits you but does no damage.
The orc zaps a wand.
The bolt of acid hits you but does no damage.
You are splashed with acid!
* * * LOW HITPOINT WARNING * * *
You feel better.
The centaur hits you but does no damage.
The orc hits you but does no damage.
Throwing (i - inventory)
d - 2 throwing nets (quivered)
Press: ? - help, Shift-Dir - straight line, f - orc
Aim: an orc, wielding a +0 hand axe, wearing a +0 scale mail and carrying a wand of acid (6)
You throw a throwing net. The throwing net hits the orc.
The orc is caught in the net!
The centaur hits you.
* * * LOW HITPOINT WARNING * * *
The orc zaps a wand.
The bolt of acid hits you!
You die...

#+#.....###...#.#..
.............#..#..
............#...#..
........÷..........
....<...........(..
.............(.(...
#######.....####'####
#.....#.....#..(..#.. .
#...♣o+.....#.....#..
....####c#.....#...#####
.....{)cZ.#....#...###..
..###y###.'....#........
.. #......#........ #.
#.#....#........ ..
8..#....###'###.. ..
..#.##.... #.###.. .
8..#........#..#...


You could see a centaur, an orc (caught) and a centaur zombie.

Vanquished Creatures
  Pikel (D:5)
  2 hornets (D:8)
  Sigmund (D:6)
  A hungry ghost (D:8)
  A steam dragon (D:8)
  Edmund (D:5)
  2 soldier ants (D:8)
  Duvessa (D:3)
  4 sky beasts
  2 orc warriors
  2 phantoms
  2 centaurs
  2 ogres
  A bullfrog (D:7)
  Dowan (D:3)
  9 killer bees (D:8)
  4 wights (D:7)
  A centaur zombie (D:7)
  5 crimson imps
  A bullfrog zombie (D:7)
  A quasit (D:5)
  2 hounds
  4 orc priests
  Crazy Yiuf (D:4)
  2 jellies
  13 orc wizards
  Ijyb (D:4)
  An iguana (D:6)
  5 worker ants
  A statue (D:7)
  A hound zombie (D:7)
  2 hound skeletons
  2 worker ant zombies
  12 adders
  A howler monkey skeleton (D:6)
  A shadow imp (D:5)
  A white imp (D:5)
  An adder zombie (D:7)
  3 worms
  4 dart slugs
  4 leopard geckos
  32 orcs
  2 ball pythons
  4 bats
  3 giant cockroaches
  9 goblins
  9 hobgoblins
  6 jackals
  4 quokkas
  4 frilled lizards
  8 kobolds
  A leopard gecko zombie (D:5)
  A quokka skeleton (D:6)
  A quokka zombie (D:7)
  5 rats
196 creatures vanquished.

Vanquished Creatures (others)
  2 slaves (D:6)
  An orc priest (D:6)
  An adder (D:6)
  An adder skeleton (D:6)
  4 orcs (D:6)
  3 jackals (D:6)
  A plant (D:4)
13 creatures vanquished.

Grand Total: 209 creatures vanquished

Notes
Turn   | Place    | Note
-------+----------+-------------------------------------------
     0 | D:1      | Borgoz the Gargoyle Gladiator began the quest for the Orb.
     0 | D:1      | Reached XP level 1. HP: 12/12 MP: 1/1
   132 | D:1      | Reached XP level 2. HP: 14/18 MP: 2/2
   544 | D:1      | Reached skill level 1 in Armour
   544 | D:1      | Reached XP level 3. HP: 22/22 MP: 3/3
  1088 | D:2      | Found a sparkling altar of Nemelex Xobeh.
  1331 | D:2      | Found a hazy altar of Hepliaklqana.
  1405 | D:2      | Reached XP level 4. HP: 26/27 MP: 4/4
  1503 | D:2      | Found a shimmering blue altar of Sif Muna.
  1558 | D:2      | Found a basalt altar of Yredelemnul.
  2306 | D:3      | Reached XP level 5. HP: 32/32 MP: 5/5
  2530 | D:3      | Reached skill level 4 in Maces & Flails
  2630 | D:4      | Noticed Duvessa
  2634 | D:4      | Noticed Dowan
  2757 | D:3      | Killed Duvessa
  2757 | D:3      | Reached XP level 6. HP: 29/37 MP: 6/6
  2803 | D:3      | Killed Dowan
  2972 | D:4      | Found a snail-covered altar of Cheibriados.
  3007 | D:4      | Found a runed translucent door.
  3008 | D:4      | Noticed Crazy Yiuf
  3087 | D:4      | Noticed Ijyb
  3106 | D:4      | Killed Ijyb
  3154 | D:4      | Noticed a phantom
  3195 | D:4      | Killed a phantom
  3195 | D:4      | Reached skill level 5 in Maces & Flails
  3195 | D:4      | Reached XP level 7. HP: 42/42 MP: 7/7
  3202 | D:4      | Found an opulent altar of Gozag.
  3372 | D:5      | Entered Level 5 of the Dungeon
  3984 | D:4      | Killed Crazy Yiuf
  4144 | D:5      | Reached XP level 8. HP: 44/48 MP: 8/8
  4205 | D:5      | Reached skill level 6 in Maces & Flails
  4205 | D:5      | Reached skill level 5 in Dodging
  4799 | D:5      | Found a staircase to the Ecumenical Temple.
  4806 | Temple   | Entered the Ecumenical Temple
  4925 | Temple   | Became a worshipper of Ashenzari the Shackled
  5021 | D:6      | Found a shadowy altar of Dithmenos.
  5212 | D:6      | Reached skill level 5 in Fighting
  5416 | D:6      | Noticed Sigmund
  5417 | D:6      | Noticed Edmund
  5507 | D:5      | Killed Edmund
  5507 | D:5      | Reached skill level 7 in Maces & Flails
  5507 | D:5      | Reached XP level 9. HP: 45/54 MP: 9/9
  5555 | D:6      | Noticed Pikel
  5581 | D:5      | Killed Pikel
  5581 | D:5      | Reached skill level 5 in Armour
  5738 | D:6      | Killed Sigmund
  6034 | D:6      | Found an iron altar of Okawaru.
  6131 | D:7      | Reached skill level 8 in Maces & Flails
  6257 | D:7      | Found a bloodstained altar of Trog.
  6355 | D:7      | Found a glowing silver altar of Zin.
  6811 | D:7      | Found a radiant altar of Vehumet.
  6852 | D:7      | Reached XP level 10. HP: 44/61 MP: 10/10
  6883 | D:7      | Found Qypnykog's Antique Armour Boutique.
  7004 | D:7      | Found a burning altar of Makhleb.
  7004 | D:7      | Noticed a cacodemon
  7308 | D:8      | Found Etynis's Demolitions Depot.
  7314 | D:8      | Reached * piety under Ashenzari
  7422 | D:8      | Reached skill level 9 in Maces & Flails
  7780 | D:8      | Killed from afar by an orc

Levels and vault maps discovered:
D:1:      minmay_arrival_checkered_box, layout_loops_cross
D:2:      layout_basic, overflow_temple_1_default, lemuel_doored_altar,
          nemelex_xobeh_ov_fountains_minmay, overflow_temple_1_default,
          first_ration, minmay_pentomino_z4
D:3:      layout_loops_cross, minmay_increasing_density
D:4:      layout_rooms, kennysheep_mini_moat, grunt_gozag_statues,
          saegor_snake_ambush, uniq_crazy_yiuf_cottage, uniq_ijyb, uniq_duvessa
D:5:      layout_cave_pods, minmay_temple_entry_fiery, minmay_fire_ice_demons
D:6:      minmay_spotlight, layout_rooms, lemuel_crystal_altar,
          lemuel_round_altar, uniq_sigmund, uniq_pikel, uniq_edmund
D:7:      layout_cave_pods, nicolae_overflow_crystal_walls,
          makhleb_altar_promises_db, overflow_temple_1_default, vehumet_statue,
          serial_shops, shop_fountains, minivault_25
D:8:      layout_gridville, hangedman_pestilent_swarm, nicolae_blasting_shop,
          hangedman_decor_diamond_cutter, minmay_chambers_of_fives
Temple:   nicolae_temple_figure_zero

Skill      XL: |  1  2  3  4  5  6  7  8  9 10 |
---------------+-------------------------------+-----
Armour         | 1 2 3 4 6 |  6.6
Dodging        | 3 4 5 7 |  7.8
Fighting       | 3 4 5 6 7 |  7.0
Maces & Flails | 4 5 7 8 9 |  9.2
Throwing       | |  1.7

Action                   |  1- 3 |  4- 6 |  7- 9 | 10-12 || total
-------------------------+-------+-------+-------+-------++-------
Melee: Flail             |    53 |       |   206 |   220 ||   479
       Mace              |    49 |   226 |   442 |       ||   717
Throw: Throwing net      |       |     1 |     1 |     1 ||     3
Evoke: Wand              |       |     1 |     1 |       ||     2
  Use: Scroll            |     1 |       |     5 |     1 ||     7
       Potion            |       |     1 |     1 |     7 ||     9
 Stab: Held in net/web   |       |     1 |       |       ||     1
  Eat: Chunk             |     2 |     6 |    12 |     5 ||    25
       Ration            |       |       |       |     2 ||     2
Armor: Leather armour    |    28 |       |       |       ||    28
       Scale mail        |    12 |   190 |   110 |       ||   312
       Plate armour      |       |       |   466 |   202 ||   668
       Skin              |       |       |       |    26 ||    26
Dodge: Dodged            |    61 |   164 |   272 |   130 ||   627

Table legend:
 A = Non-vault XP
 B = Vault XP
 C = Vault XP percentage of total XP
 D = Non-vault monster count
 E = Vault monster count
 F = Vault count percentage of total count
                 A         B        C        D         E       F
            +---------+---------+-------+---------+---------+-------
      Total |    4600 |    2216 |  32.5 |     165 |      31 |  15.8
            +---------+---------+-------+---------+---------+-------
        D:1 |      34 |       0 |   0.0 |      18 |       0 |   0.0
        D:2 |      45 |       6 |  11.8 |      16 |       2 |  11.1
        D:3 |     133 |     253 |  65.5 |      19 |      11 |  36.7
        D:4 |     296 |      78 |  20.9 |      17 |       3 |  15.0
        D:5 |     942 |     855 |  47.6 |      32 |       4 |  11.1
        D:6 |     678 |     398 |  37.0 |      18 |       5 |  21.7
        D:7 |    1022 |      32 |   3.0 |      20 |       1 |   4.8
        D:8 |    1450 |     594 |  29.1 |      25 |       5 |  16.7
            +---------+---------+-------+---------+---------+-------
